 Dungeon Crawl Stone Soup version 0.31.0 (webtiles) character file.

Game seed: 455900837453445921

537 qw the Shooter (level 7, 0/43 HPs)
             Began as a Gargoyle Hunter on Jan 19, 2024.
             Incinerated by a bombardier beetle (9 damage)
             ... with a burning spray
             ... on level 5 of the Dungeon.
             The game lasted 00:00:19 (2725 turns).

qw the Shooter (Gargoyle Hunter)                    Turns: 2725, Time: 00:00:20

Health: 0/43       AC: 18    Str: 21    XL:     7   Next: 25%
Magic:  7/7        EV: 11    Int:  9    God:
Gold:   199        SH:  0    Dex: 15    Spells: 6/6 levels left

rFire   x x .        a - +0 shortbow
rCold   x x .        (shield currently unavailable)
rNeg    + . .        f - +0 ring mail
rPois   inf          (no helmet)
rElec   +            (no cloak)
rCorr   .            (no gloves)
SInv    .            (no boots)
Will    .....        l - amulet of Elemental Vulnerability {rPois rF-- rC-- AC+8}
Stlth   +            k - +6 ring of strength
HPRegen 0.27/turn    (no ring)
MPRegen 0.10/turn

%: no passive effects
@: on fire, about to teleport, glowing
A: sickness immunity, AC +4, negative energy resistance 1, electricity
resistance, torment resistance 1, petrification resistance
a: no special abilities


You were on level 5 of the Dungeon.
You visited 1 branch of the dungeon, and saw 5 of its levels.

You collected 199 gold pieces.


Innate Abilities, Weirdness & Mutations

You are immune to sickness and miasma.
Your stone body is resilient. (AC +4)
You are immune to poison.
You resist negative energy. (rN+)
You are resistant to electric shocks. (rElec)
You are resistant to unholy torment.
You are immune to petrification.


   Skills:
 - Level 4.0 Fighting
 + Level 6.3 Ranged Weapons
 - Level 4.8 Armour
 - Level 1.5 Dodging
 - Level 1.1 Stealth


You had 6 spell levels left.
You didn't know any spells.
Your spell library was empty.

Inventory:

Hand Weapons
 a - a +0 shortbow (weapon)
Armour
 f - a +0 ring mail (worn)
Jewellery
 k - a +6 ring of strength (left hand)
 l - the amulet of Elemental Vulnerability (around neck) {rPois rF-- rC-- AC+8}
   (You found it on level 3 of the Dungeon)

   [amulet of nothing]

   AC+8:      It affects your AC (+8).
   rF--:      It makes you very vulnerable to fire.
   rC--:      It makes you very vulnerable to cold.
   rPois:     It protects you from poison
Wands
 d - a wand of roots (4)
 i - a wand of paralysis (2)
 j - a wand of polymorph (5)
Scrolls
 g - 2 scrolls of teleportation
Potions
 b - 2 potions of heal wounds
 c - a potion of attraction {unknown}
 e - a potion of enlightenment
 h - a potion of mutation {unknown}
 n - a potion of haste {unknown}
 p - a potion of magic {unknown}

Dungeon Overview and Level Annotations

Branches:
Dungeon (5/15)
 Temple: D:4-7

Altars:
Dithmenos
Hepliaklqana
Zin
The Shining One


Message History

You now have 188 gold pieces (gained 14).
You now have 199 gold pieces (gained 11).
A bombardier beetle comes into view.
You shoot an arrow.
The arrow completely misses the bombardier beetle.
You shoot an arrow. The arrow hits the bombardier beetle.
The bombardier beetle is lightly wounded.
You hear the slow rusting of a distant drain.
You shoot an arrow.
The arrow barely misses the bombardier beetle.
You shoot an arrow.
The arrow hits the bombardier beetle but does no damage.
The bombardier beetle is lightly wounded.
The bombardier beetle sprays incendiary fluid at you.
The burning spray hits you.
You are covered in liquid fire!
You shoot an arrow.
The arrow barely misses the bombardier beetle.
The liquid fire burns you!
You shoot an arrow.
The arrow closely misses the bombardier beetle.
The liquid fire burns you!
The bombardier beetle sprays incendiary fluid at you.
The burning spray hits you.
You are even more covered in liquid fire!
You shoot an arrow. The arrow hits the bombardier beetle.
The bombardier beetle is moderately wounded.
The liquid fire burns you!
You shoot an arrow.
The arrow barely misses the bombardier beetle.
The liquid fire burns you!
You shoot an arrow.
The arrow hits the bombardier beetle but does no damage.
The bombardier beetle is moderately wounded.
The liquid fire burns you!
2725 ||| READING 3 scrolls of teleportation.
As you read the scroll of teleportation, it crumbles to dust.
You feel strangely unstable. The liquid fire burns you!
You die...

.. ##.........##....#..
...##..........#.....#..
.....................#..
...............##.......
..............####......
...........#....#####..#
.#.#####..#.......##...#
#.#..##....%)......
#.@...............#
......B###..............
....... #..............
...#... ##....%...#.##.
## ##.. #........##....
... ##........##.#) ....
#.......## .# ....
.........# ..##......#


You could see a bombardier beetle.

Vanquished Creatures
  Sigmund (D:2)
  A black bear (D:3)
  Blork the orc (D:4)
  A jelly (D:4)
  A sleepcap (D:4)
  Natasha (twice) (D:4)
  3 adders
  2 ribbon worms
  A dart slug (D:1)
  5 orcs (D:3)
  3 ball pythons
  9 endoplasms
  3 giant cockroaches
  4 goblins
  6 hobgoblins
  3 jackals (D:1)
  7 kobolds
  3 quokkas
  3 bats
  2 frilled lizards (D:2)
  5 rats
66 creatures vanquished.

Notes
Turn   | Place    | Note
-------+----------+-------------------------------------------
     0 | D:1      | qw the Gargoyle Hunter began the quest for the Orb.
     0 | D:1      | Reached XP level 1. HP: 12/12 MP: 1/1
     0 | D:1      | 0 ||| qw: Version: 0.3-a-132-g3d54051
     0 | D:1      | 0 ||| qw: Game counter: 167
     0 | D:1      | 0 ||| qw: Melee chars always use a shield: true
     0 | D:1      | 0 ||| qw: God list: Okawaru
     0 | D:1      | 0 ||| qw: Allow faded altars: false
     0 | D:1      | 0 ||| qw: Do Orc after clearing Dungeon:15 true
     0 | D:1      | 0 ||| qw: Do second Lair branch before Depths: true
     0 | D:1      | 0 ||| qw: Lair rune preference: random
     0 | D:1      | 0 ||| qw: Goals: Normal
     0 | D:1      | 0 ||| PLANNING D:1-11
    55 | D:1      | Reached XP level 2. HP: 7/17 MP: 2/2
   171 | D:1      | HP: 3/17 [frozen (4)]
   439 | D:1      | Reached XP level 3. HP: 12/21 MP: 3/3
   500 | D:1      | Reached skill level 5 in Ranged Weapons
   619 | D:1      | 619 ||| UPGRADING to +0 ring mail.
   629 | D:1      | 629 ||| DROPPING +0 leather armour.
   630 | D:1      | 630 ||| READING scroll labelled BUULER LUXKANG.
   631 | D:1      | 631 ||| DRINKING 2 bubbling coppery potions.
   632 | D:1      | 632 ||| DROPPING scroll of butterflies.
   817 | D:2      | Noticed Sigmund
   818 | D:2      | 818 ||| FLEEEEING.
   819 | D:2      | 819 ||| FLEEEEING.
   824 | D:2      | 824 ||| FLEEEEING.
   825 | D:2      | 825 ||| FLEEEEING.
   826 | D:2      | 826 ||| FLEEEEING.
   827 | D:2      | 827 ||| FLEEEEING.
   828 | D:2      | 828 ||| FLEEEEING.
   829 | D:2      | 829 ||| FLEEEEING.
   830 | D:2      | 830 ||| FLEEEEING.
   836 | D:2      | 836 ||| FLEEEEING.
   838 | D:2      | 838 ||| ZAPPING wand of paralysis (7) at 1,-2 (Sigmund;
                  | floor).
   850 | D:2      | 850 ||| ZAPPING wand of paralysis (6) at 1,-2 (Sigmund;
                  | floor).
   857 | D:2      | Killed Sigmund
   858 | D:2      | Reached XP level 4. HP: 18/26 MP: 4/4
   858 | D:2      | Reached XP level 5. HP: 20/30 MP: 5/5
   917 | D:2      | Found a faded altar of an unknown god.
  1317 | D:2      | 1317 ||| UPGRADING to +6 ring of strength.
  1318 | D:2      | 1318 ||| READING 2 scrolls labelled GIVVEWOEXAG.
  1319 | D:2      | 1319 ||| READING 2 scrolls labelled VOTEOTO QATSA.
  1320 | D:2      | 1320 ||| FLEEEEING.
  1324 | D:2      | 1324 ||| DRINKING 2 glowing blue potions.
  1325 | D:2      | 1325 ||| DROPPING scroll of blinking.
  1377 | D:3      | Found the amulet of Elemental Vulnerability {rPois rF--
                  | rC-- AC+8}
  1379 | D:3      | Reached XP level 6. HP: 36/36 MP: 6/6
  1453 | D:3      | Noticed a black bear
  1456 | D:3      | 1456 ||| ZAPPING wand of paralysis (5) at -1,0 (black bear;
                  | floor).
  1457 | D:3      | 1457 ||| ZAPPING wand of paralysis (4) at -1,0 (black bear;
                  | floor).
  1465 | D:3      | Killed a black bear
  1939 | D:3      | Found a glowing golden altar of the Shining One.
  2066 | D:3      | 2066 ||| UPGRADING to amulet of Elemental Vulnerability
                  | {rPois rF-- rC-- AC+8}.
  2071 | D:3      | 2071 ||| READING scroll labelled RECICOFR KAIM.
  2072 | D:3      | 2072 ||| READING scroll labelled FUT PAEDELETYE.
  2088 | D:4      | Noticed Natasha
  2089 | D:4      | Noticed Blork the orc
  2094 | D:4      | Killed Natasha
  2095 | D:4      | 2095 ||| ZAPPING wand of paralysis (3) at -1,0 (Blork the
                  | orc; open_door).
  2102 | D:4      | Killed Blork the orc
  2148 | D:4      | Reached XP level 7. HP: 43/43 MP: 7/7
  2188 | D:4      | Found a shadowy altar of Dithmenos.
  2188 | D:4      | Noticed a shadow
  2190 | D:4      | Found a hazy altar of Hepliaklqana.
  2379 | D:4      | Noticed Natasha
  2392 | D:4      | Killed Natasha
  2393 | D:4      | Reached skill level 6 in Ranged Weapons
  2508 | D:4      | Found a glowing silver altar of Zin.
  2626 | D:4      | 2626 ||| READING scroll labelled JICHASMOKHU.
  2627 | D:4      | 2627 ||| READING scroll labelled XYITIU YLI TINN.
  2627 | D:4      | 2627 ||| ENCHANTING +0 shortbow.
  2669 | D:5      | Entered Level 5 of the Dungeon
  2670 | D:5      | 2670 ||| PLANNING SEWER
  2724 | D:5      | HP: 9/43 [burnt (9)]
  2725 | D:5      | 2725 ||| READING 3 scrolls of teleportation.
  2725 | D:5      | Incinerated by a bombardier beetle

Levels and vault maps discovered:
D:1:      minmay_arrival_checkered_box, layout_rooms, nicolae_wormholes
D:2:      layout_loops_ring, chequers_ecumenical_altar_island, uniq_sigmund
D:3:      layout_basic, nicolae_tso_carved_into_rock
D:4:      layout_gridville, mainiacjoe_overflow_alcove_4,
          riverfiend_overflow_shadow_ancestor, supply_closet_lemuel,
          uniq_natasha, uniq_blork_the_orc
D:5:      layout_cave_pools, nicolae_uskayaw_suspiria, minmay_temple_entry_grid,
          gup_sewer_entry_bowl

Skill      XL: |  1  2  3  4  5  6  7 |
---------------+----------------------+-----
Ranged Weapons | 5 6 |  6.3
Armour         | 4 |  4.8
Fighting       | 4 |  4.0
Dodging        | |  1.5
Stealth        | |  1.1

Action                     |  1- 3 |  4- 6 |  7- 9 || total
---------------------------+-------+-------+-------++-------
   Fire: Shortbow          |   103 |    92 |    56 ||   251
  Evoke: Wand              |     2 |     3 |       ||     5
    Use: Scroll            |     1 |     4 |     3 ||     8
         Potion            |     1 |     1 |       ||     2
 Armour: Leather armour    |    26 |       |       ||    26
         Ring mail         |     2 |    19 |    14 ||    35
  Dodge: Dodged            |    29 |    19 |    12 ||    60

Table legend:
 A = Non-vault XP
 B = Vault XP
 C = Vault XP percentage of total XP
 D = Non-vault monster count
 E = Vault monster count
 F = Vault count percentage of total count
                 A         B        C        D         E       F
            +---------+---------+-------+---------+---------+-------
      Total |     399 |     369 |  48.0 |      62 |       4 |   6.1
            +---------+---------+-------+---------+---------+-------
        D:1 |      37 |       5 |  11.9 |      19 |       1 |   5.0
        D:2 |      36 |     239 |  86.9 |      13 |       1 |   7.1
        D:3 |     165 |       0 |   0.0 |      15 |       0 |   0.0
        D:4 |     146 |     125 |  46.1 |      13 |       2 |  13.3
        D:5 |      15 |       0 |   0.0 |       2 |       0 |   0.0
            +---------+---------+-------+---------+---------+-------
